 Dungeon Crawl Stone Soup version 0.24.0-125-gc4c63601f3 (webtiles) character file.

Game seed: 5175870434124713857, levelgen mode: deterministic

1301 MajorAdolf the Cleaver (level 8, -4/72 HPs)
             Began as a Naga Wanderer on Feb 17, 2020.
             Slain by a killer bee (6 damage)
             ... on level 7 of the Dungeon.
             The game lasted 00:16:23 (8428 turns).

MajorAdolf the Cleaver (Naga Wanderer)              Turns: 8428, Time: 00:16:23

Health: -4/72      AC:  7    Str: 16    XL:     8   Next: 57%
Magic:  11/11      EV:  7    Int: 12    God:
Gold:   199        SH:  8    Dex: 12    Spells: 10/11 levels left

rFire    . . .     SeeInvis +   I - +3 hand axe (vamp)
rCold    . . .     Gourm    .   G - +0 shield
rNeg     . . .     Faith    .   e - +0 robe
rPois    +         Spirit   .   r - +2 helmet
rElec    .         Reflect  .   (no cloak)
rCorr    .         Harm     .   x - +0 pair of gloves
MR       +....                  (no barding)
Stlth    ++........             (no amulet)
HPRegen  0.22/turn              (no ring)
MPRegen  0.12/turn              (no ring)

@: very slow
A: large, see invisible, deformed body, poison resistance, slowness 2, slow
metabolism 1, spit poison 1, AC +2
a: Spit Poison


You were on level 7 of the Dungeon.
You were hungry.

You visited 1 branch of the dungeon, and saw 7 of its levels.

You collected 199 gold pieces.

Inventory:

Hand Weapons
 a - a +2 dagger
 d - a +0 hand axe
 t - a +0 whip of venom
 A - a +2 dagger of draining
 I - a +3 vampiric hand axe (weapon)
Missiles
 E - 17 poisoned darts (quivered)
Armour
 e - a +0 robe (worn)
 q - a +0 scale mail
 r - a +2 helmet (worn)
 x - a +0 pair of gloves (worn)
 y - a +0 leather armour
 G - a +0 shield (worn)
Jewellery
 g - an uncursed ring of protection from fire {unknown}
 h - an uncursed ring of wizardry {unknown}
 s - a +5 ring of intelligence {unknown}
 z - a cursed ring of attention {unknown}
 C - an uncursed amulet of magic regeneration {unknown}
 D - a +5 amulet of reflection {unknown}
 F - a +6 ring of intelligence {unknown}
Wands
 H - a wand of acid (6)
 J - a wand of random effects (25)
Scrolls
 b - a scroll of immolation {unknown}
 c - 3 scrolls of blinking {unknown}
 i - 2 scrolls of remove curse {unknown}
 j - 2 scrolls of enchant armour {unknown}
 o - a scroll of enchant weapon
 B - 3 scrolls of torment {unknown}
Potions
 k - 2 potions of curing
 m - a potion of degeneration {unknown}
 n - a potion of flight {unknown}
 p - 2 potions of heal wounds {unknown}
 u - 2 potions of invisibility {unknown}
 v - 2 potions of mutation {unknown}
 w - a potion of haste {unknown}
Comestibles
 f - 8 rations


   Skills:
 - Level 3.8 Fighting
 + Level 8.5 Axes
 - Level 1.5 Stealth
 + Level 2.7 Shields
 - Level 2.0 Spellcasting
   Level 3.0 Charms
 - Level 3.0 Poison Magic
 - Level 1.0 Evocations


You had 10 spell levels left.
You knew the following spells:

 Your Spells              Type           Power        Failure   Level  Hunger
a - Sting                 Conj/Pois      #...         50%         1    ##.....

Your spell library contained the following spells:

 Spells                   Type           Power        Failure   Level  Hunger
 Spider Form              Tmut/Pois      #.........   86%         3    ####...


Dungeon Overview and Level Annotations

Branches:
Dungeon (7/15)
 Temple: D:4-7

Altars:
Qazlal
Ru
Vehumet
Xom

Annotations:
D:3 Grinder
D:5 Ijyb


Innate Abilities, Weirdness & Mutations

You cannot wear boots.
Your serpentine skin is tough. (AC +2)
You have supernaturally acute eyesight. (SInv)
Armour fits poorly on your strangely shaped body.
Your system is resistant to poisons. (rPois)
You cover ground very slowly.
You have a slow metabolism.
You can spit poison.


Message History

You block the killer bee's attack. The killer bee barely misses you.
The hound bites you but does no damage.
The centaur skeleton hits you but does no damage.
The killer bee stings you.
* * * LOW HITPOINT WARNING * * *
The killer bee stings you.
* * * LOW HITPOINT WARNING * * *
The killer bee completely misses you.
As you read the scroll labeled ZOUFFU GOWKERR, it crumbles to dust.
It is a scroll of enchant weapon.
Your +2 vampiric hand axe glows red for a moment.
The killer bee stings you but does no damage.
The killer bee barely misses you.
A killer bee comes into view.
The hound bites you.
* * * LOW HITPOINT WARNING * * *
The centaur skeleton hits you but does no damage.
The killer bee completely misses you. You block the killer bee's attack.
The killer bee stings you.
You die...

.. ....... ..#
...##..#..##..#
..#$..#......##
.....#........ #o.
#.?##..###.####
#y.##..##..# ...
#.#....o.....###..#
..o...#hZ......#..#
#..yy@..........#
#...yy...#.#.##.#
#...#...........#
.##..#..#####.####
................#
###.....###...#.######
#####...###.#........#
......<...#...#.####.#
######..#.#####.# #.#


You could see a hound, 5 killer bees, 2 orcs and a centaur skeleton.

Vanquished Creatures
  A hippogriff (D:7)
  A phantom (D:6)
  An ogre (D:6)
  A bullfrog (D:6)
  A gnoll sergeant (D:5)
  A wyvern zombie (D:6)
  A scorpion (D:4)
  A howler monkey (D:5)
  2 crimson imps
  An orc priest (D:6)
  8 orc wizards
  Jessica (D:2)
  A centaur skeleton (D:5)
  Terence (D:2)
  A worker ant (D:5)
  A hound skeleton (D:5)
  8 adders
  4 gnolls (D:6)
  2 shadow imps (D:6)
  2 adder zombies
  An adder skeleton (D:5)
  4 worms
  2 dart slugs
  5 leopard geckos
  16 orcs
  2 ball pythons
  3 giant cockroaches
  8 goblins
  6 hobgoblins
  9 jackals
  A quokka (D:3)
  7 bats
  5 frilled lizards
  A jackal skeleton (D:7)
  6 kobolds
  7 rats
123 creatures vanquished.

Vanquished Creatures (others)
  A centaur (D:6)
  A hound (D:6)
  An orc (D:6)
  A jackal (D:6)
4 creatures vanquished.

Grand Total: 127 creatures vanquished

Notes
Turn   | Place    | Note
-------+----------+-------------------------------------------
     0 | D:1      | MajorAdolf the Naga Wanderer began the quest for the Orb.
     0 | D:1      | MajorAdolf set off with the following items: a +2 dagger, a
                  | potion of berserk rage, a +0 hand axe, a +0 robe, a ration;
                  | and the following spell memorised: Sting; and the following
                  | spells available to memorise: Spider Form
     0 | D:1      | Reached XP level 1. HP: 18/18 MP: 3/3
    27 | D:1      | Reached skill level 1 in Poison Magic
    80 | D:1      | Reached XP level 2. HP: 25/25 MP: 0/5
  1197 | D:2      | Found a stormy altar of Qazlal.
  1235 | D:2      | Reached XP level 3. HP: 31/31 MP: 0/6
  1301 | D:2      | Noticed Jessica
  1311 | D:2      | Killed Jessica
  1784 | D:2      | Noticed Terence
  1795 | D:2      | Killed Terence
  1795 | D:2      | Reached XP level 4. HP: 30/42 MP: 1/7
  2930 | D:3      | Reached XP level 5. HP: 45/50 MP: 8/8
  3521 | D:3      | Reached skill level 3 in Axes
  3844 | D:3      | Found a faded altar of an unknown god.
  3907 | D:3      | Noticed Grinder
  4007 | D:4      | Reached skill level 4 in Axes
  4007 | D:4      | Reached XP level 6. HP: 20/57 MP: 9/9
  4375 | D:5      | Entered Level 5 of the Dungeon
  4375 | D:5      | Found a radiant altar of Vehumet.
  4775 | D:5      | Found a sacrificial altar of Ru.
  4829 | D:5      | Reached skill level 5 in Axes
  5267 | D:5      | Noticed Ijyb
  5379 | D:5      | Reached XP level 7. HP: 63/63 MP: 10/10
  5474 | D:5      | Reached skill level 6 in Axes
  6229 | D:6      | Reached skill level 7 in Axes
  6267 | D:5      | HP: 2/63 [poisoned by a crimson imp]
  7031 | D:6      | Reached XP level 8. HP: 62/72 MP: 11/11
  7401 | D:6      | Found a shimmering altar of Xom.
  7463 | D:6      | Reached skill level 1 in Shields
  7873 | D:6      | Reached skill level 8 in Axes
  8398 | D:7      | Noticed a hippogriff
  8422 | D:7      | Killed a hippogriff
  8427 | D:7      | HP: 3/72 [killer bee (1)]
  8428 | D:7      | Slain by a killer bee

Levels and vault maps discovered:
D:1:      minmay_arrival_solitary_statue, layout_rooms
D:2:      layout_basic, first_ration, grunt_qazlal_clouds, uniq_terence,
          uniq_jessica
D:3:      layout_loops_corners, chequers_ecumenical_altar_grove, uniq_grinder
D:4:      layout_basic
D:5:      layout_basic, basic_altar, nicolae_ru_great_annihilating_truth,
          uniq_ijyb
D:6:      layout_basic, xom_confusion_cloud
D:7:      layout_basic, lemuel_round_altar, minmay_temple_entry_proselytizer,
          serial_shops, kennysheep_little_box

Skill      XL: |  1  2  3  4  5  6  7  8 |
---------------+-------------------------+-----
Poison Magic   | 2 3 |  3.0
Fighting       | 3 |  3.8
Axes           | 4 5 7 8 |  8.5
Shields        | 2 |  2.7
Stealth        | |  1.5
Spellcasting   | |  2.0
Charms         | |  3.0
Evocations     | |  1.0

Action                   |  1- 3 |  4- 6 |  7- 9 || total
-------------------------+-------+-------+-------++-------
Melee: Dagger            |    63 |    47 |    19 ||   129
       Hand axe          |       |    24 |    33 ||    57
       Whip              |       |   173 |   221 ||   394
 Cast: Sting             |    21 |    27 |     1 ||    49
 Abil: Spit Poison       |     6 |    16 |     2 ||    24
  Use: Potion            |       |       |     4 ||     4
       Scroll            |       |       |     2 ||     2
 Stab: Sleeping          |     1 |     1 |       ||     2
       Paralysed         |       |     2 |       ||     2
  Eat: Chunk             |     2 |    12 |     7 ||    21
Armor: Robe              |    22 |    87 |   113 ||   222
Dodge: Dodged            |    47 |   154 |   106 ||   307
Block: Shield            |       |       |    40 ||    40
